Map: Romanticide LE

Players

Gerald

  • Race: Protoss Protoss

MaxPax - Winner!

  • Race: Protoss Protoss

Event: DreamHack SC2 Masters 2021 Winter

VOD

Have the link to the VOD?

Description

Time

  • Played on: Sept. 30, 2021, 11:28 a.m.
  • Length: 13:29

All games in this series

Show
View Real Time Build Order
Export as new Build Order

Gerald Protoss 

Build Orders:  

Get SALT Encoding   

  12  0:00  Probe  
  13  0:12  Probe  
  14  0:17  Pylon  
  14  0:24  Probe (Chrono Boost)  
  16  0:37  Probe (Chrono Boost), Gateway  
  16  0:42  Probe (Chrono Boost)  
  16  0:47  Assimilator  
  17  0:52  Probe  
  17  0:55  Assimilator  
  18  1:04  Probe (Chrono Boost)  
  18  1:10  Gateway  
  19  1:13  Probe (Chrono Boost)  
  20  1:18  Probe (Chrono Boost)  
  20  1:24  Cybernetics Core  
  21  1:31  Pylon  
  21  1:33  Probe  
  22  1:44  Pylon  
  22  1:45  Probe  
  23  1:57  Probe  
  23  1:58  Warp Gate (Chrono Boost)  
  23  2:00  Stalker  
  26  2:06  Stalker  
  28  2:18  Cybernetics Core  
  28  2:19  Probe  
  29  2:28  Pylon  
  29  2:33  Probe  
  30  2:45  Probe  
  30  2:50  Shield Battery  
  31  2:58  Nexus  
  31  3:03  Probe  
  32  3:05  Shield Battery  
  32  3:09  Shield Battery  
  32  3:15  Probe  
  32  3:28  Probe  
  33  3:34  Shield Battery  
  33  3:37  Twilight Council  
  33  3:39  Stalker x2  
  37  3:42  Probe  
  38  3:54  Probe (Chrono Boost)  
  39  4:12  Probe x2 (Chrono Boost)  
  39  4:16  Blink (Chrono Boost)  
  41  4:19  Probe (Chrono Boost)  
  41  4:20  Probe (Chrono Boost)  
  43  4:26  Probe (Chrono Boost)  
  43  4:30  Probe (Chrono Boost)  
  45  4:35  Probe (Chrono Boost)  
  45  4:38  Stalker, Probe (Chrono Boost)  
  49  4:41  Probe  
  47  4:53  Probe  
  47  4:54  Stalker  
  47  4:55  Probe  
  47  4:58  Robotics Facility  
  51  5:05  Probe  
  52  5:08  Probe  
  52  5:10  Pylon  
  53  5:18  Nexus  
  54  5:33  Gateway x2  
  53  5:38  Probe  
  53  5:40  Assimilator  
  53  5:41  Probe  
  55  5:45  Forge  
  55  5:47  Stalker x2  
  59  5:50  Observer (Chrono Boost), Probe  
  59  5:53  Probe  
  62  6:11  Observer (Chrono Boost)  
  62  6:28  Probe x2  
  59  6:33  Stalker x3  
  59  6:35  Probe  
  66  6:40  Stalker, Probe (Chrono Boost)  
  66  6:42  Probe (Chrono Boost)  
  64  6:48  Protoss Ground Weapons Level 1 (Chrono Boost)  
  64  6:52  Probe (Chrono Boost)  
  64  6:53  Probe (Chrono Boost)  
  67  6:56  Probe (Chrono Boost)  
  67  6:57  Warp Prism  
  67  6:59  Dark Shrine  
  71  7:02  Probe (Chrono Boost)  
  71  7:04  Probe (Chrono Boost)  
  71  7:05  Probe (Chrono Boost)  
  73  7:08  Probe x2 (Chrono Boost)  
  73  7:09  Stalker  
  73  7:11  Probe  
  77  7:16  Gateway  
  77  7:17  Pylon  
  77  7:20  Gateway  
  77  7:28  Pylon  
  77  7:35  Probe x2 (Chrono Boost)  
  77  7:36  Probe (Chrono Boost)  
  80  7:45  Assimilator  
  80  7:46  Stalker  
  80  7:47  Probe x2 (Chrono Boost)  
  80  7:48  Stalker x2  
  80  7:49  Stalker  
  91  7:52  Observer  
  91  7:53  Probe (Chrono Boost)  
  91  7:54  Probe (Chrono Boost)  
  91  7:58  Pylon  
  93  7:59  Pylon  
  93  8:16  Probe x3  
  93  8:19  Photon Cannon  
  94  8:28  Probe x2  
  94  8:34  Probe  
  94  8:35  Stalker  
  94  8:36  Stalker  
  94  8:37  Stalker x3  
  103  8:43  Probe  
  103  8:44  Probe  
  103  8:48  Robotics Bay  
  103  8:54  Pylon  
  103  8:56  Pylon  
  97  9:12  Dark Templar x5  
  97  9:14  Zealot  
  109  9:18  Probe  
  108  9:27  Probe  
  108  9:29  Probe  
  102  9:32  Assimilator  
  102  9:39  Protoss Ground Weapons Level 2 (Chrono Boost)  
  102  9:41  Assimilator  
  102  9:42  Probe  
  102  9:43  Disruptor  
  102  9:45  Stalker, Gateway  
  106  9:46  Stalker  
  106  9:51  Probe  
  111  9:53  Shield Battery  
  111  9:54  Stalker x2, Photon Cannon  
  111  9:58  Photon Cannon  
  114  10:03  Probe x2  
  116  10:07  Stalker x2  
  116  10:10  Robotics Facility  
  120  10:17  Nexus  
  120  10:18  Pylon  
  118  10:21  Stalker x3  
  118  10:28  Zealot  
  118  10:34  Probe  
  118  10:35  Probe  
  113  10:36  Probe  
  113  10:37  Stalker  
  113  10:38  Stalker  
  113  10:41  Gravitic Boosters (Chrono Boost), Disruptor  
  121  10:52  Probe  
  121  10:55  Probe  
  123  10:59  Probe  
  123  11:01  Photon Cannon  
  123  11:02  Shield Battery, Photon Cannon  
  123  11:03  Shield Battery  
  124  11:04  Pylon  
  124  11:05  Pylon  
  124  11:18  Disruptor (Chrono Boost)  
  120  11:29  Disruptor (Chrono Boost)  
  115  11:33  Stalker x5  
  115  11:38  Nexus  
  114  11:41  Observer  
  109  11:50  Disruptor (Chrono Boost)  
  112  12:04  Disruptor (Chrono Boost)  
  112  12:07  Observer, Nexus  
  112  12:08  Pylon  
  112  12:11  Pylon  
  112  12:15  Disruptor (Chrono Boost)  
  110  12:27  Stalker  
  110  12:28  Stalker x6  
  122  12:35  Probe  
  118  12:37  Disruptor  
  122  12:53  Probe (Chrono Boost)  
  122  12:55  Nexus  
  125  13:01  Zealot x4  
  133  13:12  Zealot x2  
Show
View Real Time Build Order
Export as new Build Order

MaxPax Protoss - Winner!

Build Orders: Oracle Opening 

Get SALT Encoding   

  12  0:00  Probe  
  13  0:12  Probe  
  14  0:19  Pylon  
  14  0:24  Probe  
  15  0:37  Probe (Chrono Boost), Gateway  
  16  0:48  Probe (Chrono Boost), Assimilator  
  17  0:53  Probe (Chrono Boost)  
  18  0:58  Assimilator  
  18  1:04  Probe (Chrono Boost)  
  19  1:05  Pylon  
  19  1:16  Probe (Chrono Boost)  
  20  1:24  Probe (Chrono Boost), Cybernetics Core  
  21  1:30  Zealot  
  21  1:31  Probe  
  24  1:43  Probe  
  25  1:55  Probe  
  25  2:00  Adept (Chrono Boost)  
  28  2:05  Stargate  
  28  2:07  Probe  
  29  2:10  Pylon  
  29  2:16  Warp Gate  
  29  2:19  Probe  
  30  2:27  Stalker  
  30  2:29  Pylon  
  32  2:31  Probe  
  33  2:43  Probe  
  37  2:51  Oracle (Chrono Boost)  
  37  2:55  Probe  
  38  3:03  Shield Battery  
  38  3:14  Nexus  
  39  3:22  Pylon  
  39  3:24  Shield Battery  
  39  3:26  Probe  
  39  3:39  Twilight Council  
  39  3:44  Probe  
  40  3:55  Gateway  
  40  3:56  Probe  
  41  4:07  Stalker, Shield Battery  
  41  4:09  Blink (Chrono Boost)  
  43  4:18  Dark Shrine  
  43  4:19  Probe  
  44  4:29  Probe  
  45  4:32  Probe  
  45  4:33  Gateway  
  46  4:41  Probe  
  46  4:44  Probe  
  48  4:53  Probe  
  48  4:54  Stalker  
  48  4:55  Stalker  
  48  4:57  Probe  
  52  5:05  Probe  
  53  5:11  Nexus  
  53  5:22  Probe  
  53  5:23  Pylon  
  53  5:25  Stalker x2  
  58  5:30  Stalker  
  58  5:33  Pylon  
  61  5:40  Pylon, Assimilator  
  60  5:48  Dark Templar  
  62  5:51  Probe x2  
  62  5:52  Forge  
  62  5:55  Dark Templar  
  62  5:56  Pylon  
  66  6:03  Probe  
  66  6:05  Probe  
  65  6:19  Probe  
  65  6:24  Probe  
  65  6:29  Probe  
  65  6:31  Probe  
  65  6:37  Protoss Ground Weapons Level 1 (Chrono Boost)  
  65  6:38  Probe, Charge (Chrono Boost)  
  66  6:43  Gateway  
  66  6:45  Gateway  
  64  6:47  Probe  
  64  6:50  Stalker x3  
  66  6:55  Probe (Chrono Boost)  
  66  6:56  Photon Cannon  
  66  6:57  Probe (Chrono Boost)  
  66  7:01  Gateway  
  68  7:02  Robotics Facility  
  68  7:04  Probe (Chrono Boost), Photon Cannon  
  69  7:11  Probe (Chrono Boost)  
  69  7:12  Probe (Chrono Boost)  
  69  7:13  Probe (Chrono Boost)  
  72  7:17  Probe (Chrono Boost), Photon Cannon  
  72  7:20  Stalker  
  72  7:21  Stalker, Probe  
  78  7:23  Probe  
  78  7:27  Pylon, Assimilator  
  78  7:29  Stalker  
  81  7:31  Probe  
  81  7:34  Assimilator  
  82  7:37  Assimilator  
  82  7:38  Probe  
  82  7:41  Probe  
  82  7:44  Probe  
  85  7:47  Pylon  
  85  7:52  Observer (Chrono Boost), Probe  
  85  7:55  Robotics Bay  
  85  7:56  Stalker x2  
  91  8:00  Adept x2  
  91  8:01  Probe  
  91  8:02  Probe  
  91  8:05  Photon Cannon, Pylon  
  97  8:10  Probe  
  98  8:13  Stalker x2  
  98  8:17  Pylon  
  100  8:27  Pylon  
  98  8:35  Stalker x4  
  98  8:40  Warp Prism (Chrono Boost)  
  107  8:47  Stalker x2  
  107  8:48  Protoss Ground Weapons Level 2 (Chrono Boost)  
  108  8:59  Gateway  
  108  9:00  Pylon  
  106  9:04  Gateway  
  102  9:12  Stalker  
  102  9:13  Stalker x4  
  102  9:14  Pylon  
  110  9:27  Probe  
  110  9:28  Disruptor  
  110  9:31  Nexus  
  114  9:39  Dark Templar, Probe  
  117  9:48  Nexus  
  117  9:51  Dark Templar x4, Probe  
  126  10:02  Photon Cannon  
  126  10:04  Disruptor  
  126  10:07  Robotics Facility  
  129  10:25  Stalker x5  
  129  10:26  Stalker  
  126  10:40  Probe  
  125  10:43  Observer (Chrono Boost)  
  125  10:44  Stalker  
  125  10:45  Stalker  
  125  10:47  Photon Cannon  
  125  10:48  Photon Cannon  
  130  10:50  Probe  
  130  10:55  Disruptor (Chrono Boost)  
  131  11:01  Disruptor  
  131  11:04  Pylon  
  134  11:05  Dark Templar x2  
  134  11:06  Dark Templar  
  134  11:07  Shield Battery, Zealot  
  134  11:08  Pylon  
  134  11:29  Disruptor (Chrono Boost)  
  123  11:40  Dark Templar x2  
  123  11:42  Assimilator  
  123  11:43  Disruptor (Chrono Boost), Assimilator  
  123  11:44  Pylon  
  127  11:55  Probe x3  
  126  12:05  Dark Templar x3  
  126  12:06  Zealot x3  
  138  12:16  Observer (Chrono Boost)  
  137  12:25  Gateway  
  137  12:27  Observer (Chrono Boost), Gravitic Boosters  
  137  12:33  Gateway  
  127  12:50  Stalker x6  
  127  12:51  Stalker x2  
  141  12:53  Photon Cannon  
  141  12:58  Shield Battery  
  141  13:00  Pylon  
  141  13:01  Photon Cannon  
  141  13:02  Shield Battery  
  141  13:05  Observer (Chrono Boost)  
  142  13:11  Nexus  
  142  13:12  Pylon  
  139  13:25  Stalker x9  

Tags
 
Add a new tag
Caveats
  • Supply blocks, unpowered buildings, or Contaminate may cause inaccurate times.
  • Supply counts are checked every 10 seconds.